Map: 永恒帝国-天梯版

Players

JieShi

  • Race: Protoss Protoss
  • League: Master

iGMacSed (MacSed) - Winner!

  • Race: Protoss Protoss
  • League: Master

Event: DreamHack SC2 Masters 2020 Fall

VOD

Have the link to the VOD?

Description

Time

  • Played on: Sept. 4, 2020, 9:26 a.m.
  • Length: 20:32

All games in this series

Show
View Real Time Build Order
Export as new Build Order

JieShi Protoss 

Build Orders:  

Get SALT Encoding   

  12  0:00  Probe  
  13  0:12  Probe  
  14  0:17  Pylon  
  14  0:24  Probe (Chrono Boost)  
  15  0:37  Probe (Chrono Boost)  
  15  0:38  Gateway  
  16  0:43  Probe (Chrono Boost)  
  16  0:46  Assimilator  
  17  0:51  Probe  
  17  0:55  Assimilator  
  18  1:03  Probe (Chrono Boost)  
  19  1:07  Gateway  
  19  1:13  Probe (Chrono Boost)  
  19  1:18  Probe (Chrono Boost)  
  20  1:25  Cybernetics Core  
  21  1:29  Probe  
  22  1:34  Pylon  
  22  1:42  Probe  
  23  1:54  Probe  
  24  2:01  Warp Gate, Adept x2  
  28  2:15  Pylon  
  28  2:24  Pylon  
  28  2:32  Sentry  
  28  2:33  Sentry  
  32  2:41  Nexus  
  33  2:44  Probe  
  33  2:56  Shield Battery, Probe  
  34  3:00  Pylon  
  34  3:01  Sentry  
  36  3:08  Probe (Chrono Boost)  
  36  3:11  Stalker  
  39  3:20  Probe (Chrono Boost)  
  40  3:28  Probe (Chrono Boost)  
  40  3:32  Twilight Council  
  40  3:33  Shield Battery  
  41  3:36  Probe  
  42  3:50  Stalker  
  42  3:51  Probe (Chrono Boost)  
  42  3:54  Probe (Chrono Boost)  
  46  3:59  Stalker  
  49  4:04  Probe (Chrono Boost)  
  49  4:05  Probe (Chrono Boost)  
  50  4:10  Probe  
  50  4:13  Probe  
  50  4:15  Blink (Chrono Boost)  
  50  4:22  Probe  
  49  4:25  Stalker, Probe  
  49  4:30  Stalker  
  54  4:34  Probe  
  54  4:37  Probe  
  56  4:48  Stalker  
  56  4:49  Probe x2  
  60  4:54  Stalker  
  60  4:58  Gateway  
  62  5:10  Pylon  
  62  5:18  Pylon  
  62  5:25  Pylon  
  62  5:28  Probe x2  
  62  5:29  Stalker x2  
  62  5:31  Assimilator  
  68  5:35  Gateway  
  68  5:40  Probe x2  
  69  5:53  Probe  
  69  5:54  Stalker x2  
  69  5:55  Probe  
  75  5:59  Forge  
  75  6:05  Probe  
  76  6:16  Robotics Facility  
  76  6:17  Probe  
  77  6:19  Nexus  
  77  6:21  Pylon, Probe  
  78  6:29  Probe, Stalker x2  
  78  6:32  Protoss Ground Weapons Level 1 (Chrono Boost)  
  82  6:36  Probe  
  83  6:41  Probe  
  83  6:42  Gateway  
  83  6:44  Gateway  
  83  6:45  Shield Battery  
  83  6:46  Gateway  
  84  6:48  Probe  
  84  6:53  Probe  
  86  6:56  Gateway  
  86  6:57  Gateway  
  86  7:00  Gateway  
  86  7:02  Pylon, Stalker  
  86  7:05  Probe, Stalker  
  86  7:08  Assimilator  
  88  7:10  Probe  
  88  7:13  Immortal  
  85  7:17  Probe  
  85  7:22  Probe  
  91  7:27  Robotics Bay  
  91  7:29  Probe  
  92  7:34  Probe (Chrono Boost), Photon Cannon  
  92  7:35  Probe (Chrono Boost)  
  92  7:36  Photon Cannon  
  94  7:39  Sentry x2  
  94  7:43  Stalker  
  101  7:45  Probe (Chrono Boost)  
  101  7:46  Probe (Chrono Boost)  
  102  7:53  Stalker x2  
  102  7:55  Probe (Chrono Boost)  
  102  7:57  Photon Cannon  
  107  8:00  Stalker  
  107  8:03  Assimilator  
  110  8:05  Observer  
  110  8:14  Assimilator  
  110  8:15  Probe x2  
  110  8:16  Protoss Ground Weapons Level 2 (Chrono Boost)  
  112  8:23  Pylon  
  112  8:25  Pylon  
  112  8:26  Disruptor, Pylon  
  115  8:27  Pylon  
  111  8:57  Stalker x4  
  111  8:58  Stalker x4  
  111  8:59  Warp Prism (Chrono Boost)  
  129  9:06  Probe  
  129  9:07  Probe  
  124  9:11  Probe  
  124  9:12  Pylon  
  125  9:23  Stalker x4  
  132  9:25  Disruptor (Chrono Boost)  
  134  9:33  Nexus  
  134  9:41  Photon Cannon  
  134  9:42  Shield Battery  
  134  9:53  Disruptor  
  134  9:58  Observer  
  135  10:01  Stalker x4  
  135  10:02  Stalker  
  135  10:03  Stalker  
  135  10:06  Stalker  
  149  10:08  Probe  
  150  10:14  Stalker  
  152  10:26  Stalker x4  
  157  10:30  Pylon  
  157  10:43  Observer  
  134  10:59  Stalker x5  
  134  11:00  Stalker x2  
  134  11:03  Stalker  
  118  11:20  Disruptor  
  118  11:23  Stalker x4  
  118  11:24  Stalker x3  
  111  11:48  Stalker  
  111  11:49  Stalker x6  
  111  11:50  Stalker  
  121  11:57  Observer (Chrono Boost)  
  93  12:11  Probe  
  93  12:12  Probe  
  93  12:13  Probe x2  
  93  12:14  Stalker x6  
  93  12:15  Stalker x2  
  108  12:20  Observer (Chrono Boost)  
  109  12:28  Unknown  
  109  12:33  Observer (Chrono Boost)  
  110  12:44  Stalker x5  
  112  12:45  Stalker x2  
  112  12:47  Stalker  
  126  12:52  Observer (Chrono Boost)  
  125  13:09  Stalker  
  125  13:10  Stalker x6  
  125  13:11  Stalker  
  125  13:12  Observer  
  133  13:33  Stalker x4  
  133  13:34  Stalker x3  
  140  13:37  Stalker  
  140  13:40  Observer  
  108  14:08  Stalker x2  
  108  14:09  Stalker x6  
  84  14:39  Stalker x3  
  84  14:40  Stalker x5  
  100  14:53  Nexus  
  100  15:06  Stalker x5  
  110  15:07  Stalker  
  110  15:08  Stalker x2  
  110  15:13  Observer  
  110  15:27  Probe x2 (Chrono Boost)  
  111  15:31  Probe (Chrono Boost)  
  111  15:37  Probe x2 (Chrono Boost)  
  111  15:40  Stalker x3  
  111  15:41  Stalker x4  
  111  15:42  Stalker  
  116  15:53  Protoss Ground Weapons Level 3 (Chrono Boost)  
  89  16:01  Charge (Chrono Boost)  
  86  16:11  Templar Archives  
  85  16:12  Probe (Chrono Boost)  
  85  16:18  Probe (Chrono Boost)  
  87  16:22  Probe (Chrono Boost)  
  87  16:24  Probe (Chrono Boost)  
  90  16:26  Gateway, Probe (Chrono Boost)  
  90  16:27  Observer (Chrono Boost), Gateway  
  90  16:29  Probe (Chrono Boost)  
  90  16:30  Probe (Chrono Boost)  
  90  16:31  Probe (Chrono Boost)  
  90  16:32  Zealot x2, Sentry  
  100  16:38  Observer (Chrono Boost)  
  100  16:46  Pylon  
  101  16:48  High Templar x2  
  101  16:49  High Templar x2  
  101  16:50  Zealot  
  101  16:53  Archon  
  110  16:54  Archon  
  110  16:57  Stalker x2  
  110  16:58  Stalker  
  112  17:10  Warp Prism  
  112  17:12  Gateway  
  112  17:14  Gateway, Probe  
  112  17:16  Photon Cannon  
  112  17:18  Shield Battery  
  114  17:23  Zealot, High Templar x2  
  114  17:24  Zealot  
  114  17:26  Probe  
  114  17:27  Zealot, Archon  
  114  17:29  Zealot  
  127  17:31  Zealot  
  129  17:43  Zealot x2, High Templar x2  
  137  17:46  Observer  
  138  17:54  High Templar x2  
  138  17:55  Zealot x4  
  147  18:12  Archon x2  
  147  18:13  Stalker x3  
  147  18:14  Stalker  
  147  18:15  Zealot x4  
  163  18:27  Protoss Shields Level 1 (Chrono Boost)  
  163  18:36  Zealot x2, High Templar x2  
  163  18:37  Zealot x2  
  163  18:38  Zealot, Stalker  
  163  18:40  Archon  
  179  18:41  Zealot x2  
  179  18:45  Zealot  
  177  18:53  Disruptor  
  168  18:55  Zealot  
  144  19:05  Zealot  
  144  19:06  Zealot x5  
  144  19:07  Zealot  
  110  19:17  Zealot x3  
  110  19:18  Zealot x2  
  86  19:31  High Templar  
  86  19:32  Zealot x2, High Templar x3  
  86  19:33  Zealot  
  86  19:37  Archon  
  86  19:38  Archon  
  98  19:39  Zealot x3  
  98  19:41  Disruptor  
  107  19:54  High Templar  
  107  19:55  Zealot, High Templar, Stalker  
  107  19:56  Zealot  
  107  19:59  Archon  
Show
View Real Time Build Order
Export as new Build Order

iGMacSed Protoss - Winner!

Build Orders: Oracle Opening, Archon Immortal, Carriers 

Get SALT Encoding   

  12  0:00  Probe  
  13  0:12  Probe  
  14  0:17  Pylon  
  14  0:24  Probe (Chrono Boost)  
  15  0:37  Gateway, Probe (Chrono Boost)  
  16  0:43  Probe (Chrono Boost)  
  16  0:46  Assimilator  
  17  0:51  Probe  
  17  0:56  Assimilator  
  18  1:03  Probe (Chrono Boost)  
  19  1:08  Gateway  
  19  1:12  Probe (Chrono Boost)  
  19  1:17  Probe (Chrono Boost)  
  20  1:25  Cybernetics Core  
  21  1:29  Probe  
  22  1:36  Pylon  
  22  1:42  Probe  
  24  1:54  Probe  
  24  2:01  Warp Gate  
  24  2:02  Sentry, Stalker  
  24  2:06  Probe  
  29  2:12  Pylon  
  29  2:24  Pylon  
  29  2:31  Stargate  
  29  2:46  Nexus  
  29  2:53  Shield Battery  
  31  3:11  Oracle (Chrono Boost)  
  31  3:17  Pylon  
  34  3:21  Shield Battery  
  32  3:32  Probe  
  35  3:39  Oracle (Chrono Boost)  
  34  3:44  Probe  
  36  3:51  Adept x2  
  40  3:57  Probe  
  40  3:58  Probe  
  42  4:09  Probe  
  43  4:10  Probe  
  42  4:20  Adept x2  
  42  4:21  Probe (Chrono Boost)  
  42  4:22  Probe (Chrono Boost)  
  50  4:32  Probe x2 (Chrono Boost)  
  50  4:36  Probe (Chrono Boost)  
  50  4:37  Probe (Chrono Boost)  
  51  4:43  Adept x2  
  56  4:47  Probe  
  56  4:48  Probe  
  58  4:54  Pylon  
  58  4:59  Probe  
  59  5:00  Probe  
  60  5:07  Robotics Facility  
  60  5:11  Probe  
  60  5:13  Assimilator, Probe  
  62  5:17  Assimilator  
  62  5:23  Forge, Probe  
  62  5:25  Probe  
  64  5:35  Probe, Pylon  
  64  5:37  Probe  
  64  5:38  Pylon  
  66  5:48  Probe  
  66  5:49  Pylon, Probe  
  68  5:57  Immortal (Chrono Boost)  
  68  6:00  Protoss Ground Weapons Level 1 (Chrono Boost), Probe  
  73  6:07  Twilight Council  
  73  6:09  Gateway  
  73  6:15  Gateway  
  73  6:24  Probe  
  74  6:26  Immortal (Chrono Boost)  
  78  6:39  Pylon  
  78  6:40  Pylon  
  78  6:42  Adept x2  
  82  6:48  Resonating Glaives  
  82  6:50  Templar Archives  
  82  6:55  Immortal (Chrono Boost)  
  82  7:00  Pylon  
  83  7:17  Probe  
  82  7:27  High Templar x4, Nexus  
  82  7:28  Immortal  
  82  7:29  Pylon  
  94  7:32  Archon  
  94  7:34  Archon  
  94  7:35  Probe x2  
  96  7:47  Probe  
  96  7:49  Gateway  
  96  7:50  Gateway  
  97  7:51  Probe  
  97  7:57  Photon Cannon  
  98  8:00  Shield Battery  
  98  8:03  Photon Cannon, Probe (Chrono Boost)  
  100  8:05  Probe (Chrono Boost)  
  101  8:13  Probe (Chrono Boost)  
  101  8:14  Probe (Chrono Boost)  
  101  8:15  Phoenix  
  101  8:18  Probe (Chrono Boost)  
  105  8:20  Probe  
  106  8:27  Assimilator  
  106  8:28  Protoss Ground Weapons Level 2  
  106  8:29  Probe  
  106  8:32  Assimilator  
  107  8:36  Probe  
  108  8:46  Phoenix  
  110  8:53  Gateway  
  110  8:54  Gateway  
  110  8:59  Fleet Beacon  
  110  9:00  Probe  
  112  9:02  Probe  
  112  9:03  Probe  
  113  9:13  Phoenix (Chrono Boost)  
  113  9:16  Probe  
  116  9:18  Stargate  
  116  9:24  Gateway  
  116  9:25  Gateway  
  116  9:26  Photon Cannon  
  116  9:30  Shield Battery  
  116  9:35  Phoenix (Chrono Boost)  
  116  9:37  Pylon  
  118  9:40  Mothership (Chrono Boost)  
  118  9:41  Shield Battery  
  118  9:45  Observer  
  125  10:05  Adept x5  
  125  10:06  Adept  
  135  10:11  Phoenix x2  
  139  10:15  Pylon  
  139  10:27  Adept  
  133  10:50  Adept x8  
  135  11:01  Tempest x2  
  141  11:07  Immortal (Chrono Boost)  
  135  11:22  High Templar x2  
  135  11:23  Zealot x5  
  149  11:26  Pylon x3  
  149  11:27  Archon  
  134  11:43  Immortal, Tempest (Chrono Boost)  
  133  11:47  Stalker x2  
  133  11:48  Stalker x4  
  133  11:49  Carrier (Chrono Boost)  
  144  11:57  Mothership (Chrono Boost)  
  142  12:22  High Templar x2, Photon Cannon  
  146  12:23  Shield Battery  
  146  12:26  Immortal  
  146  12:27  Archon  
  150  12:32  Shield Battery  
  150  12:39  Nexus  
  150  12:40  Pylon  
  150  12:44  Unknown  
  150  12:45  Carrier (Chrono Boost)  
  156  13:01  Probe (Chrono Boost)  
  156  13:04  Nexus  
  156  13:05  Protoss Air Weapons Level 1  
  156  13:10  Shield Battery  
  152  13:21  Carrier (Chrono Boost)  
  150  13:36  Carrier (Chrono Boost)  
  150  13:41  Photon Cannon  
  150  13:43  Shield Battery, Protoss Shields Level 1  
  150  13:45  Shield Battery  
  150  13:47  Photon Cannon  
  156  13:53  Zealot x6  
  156  13:54  Unknown  
  138  14:07  Charge  
  134  14:12  Carrier (Chrono Boost), Probe x2  
  134  14:14  Observer  
  140  14:17  Probe x2  
  130  14:27  Mothership (Chrono Boost), Carrier (Chrono Boost)  
  119  14:44  Immortal (Chrono Boost)  
  119  14:45  Probe x2 (Chrono Boost)  
  123  14:54  High Templar x2  
  123  14:58  Archon  
  124  15:00  Stalker x2  
  127  15:09  Adept x2  
  129  15:16  Immortal  
  127  15:26  High Templar x2  
  127  15:27  Zealot x2  
  135  15:30  Archon  
  135  15:31  Unknown  
  135  15:36  Probe x2  
  135  15:42  Carrier (Chrono Boost)  
  133  15:54  Immortal (Chrono Boost)  
  119  16:06  Zealot x5  
  129  16:14  Carrier (Chrono Boost)  
  135  16:20  Adept  
  135  16:22  Adept  
  139  16:36  Immortal (Chrono Boost)  
  143  16:44  Protoss Air Weapons Level 2, Pylon  
  143  16:46  Carrier (Chrono Boost)  
  147  17:06  Nexus  
  145  17:08  Photon Cannon  
  145  17:13  Carrier (Chrono Boost)  
  149  17:23  Adept  
  149  17:24  Adept, Pylon  
  149  17:28  Immortal (Chrono Boost)  
  153  17:35  Protoss Shields Level 2  
  157  17:40  Adept  
  157  17:52  Zealot x2  
  157  17:53  Zealot  
  157  17:54  Zealot x2  
  160  18:05  Immortal (Chrono Boost)  
  159  18:14  Photon Cannon  
  159  18:16  High Templar x2  
  163  18:21  Shield Battery  
  163  18:22  Archon  
  163  18:24  Carrier (Chrono Boost)  
  167  18:36  Adept  
  167  18:37  Adept x2  
  159  19:00  Zealot x4  
  159  19:01  Zealot x2  
  168  19:04  Probe  
  126  19:26  High Templar x5  
  126  19:27  High Templar  
  134  19:31  Archon x2  
  134  19:35  Zealot, Archon  
  136  19:54  High Templar  
  136  19:59  High Templar  
  140  20:00  Zealot x4  

Tags
 
Add a new tag
Caveats
  • Supply blocks, unpowered buildings, or Contaminate may cause inaccurate times.
  • Supply counts are checked every 10 seconds.